 Dungeon Crawl Stone Soup version 0.24.0-7-gb3623d2c88 (webtiles) character file.

Game seed: 17516901916137164253, levelgen mode: deterministic

92 sking99 the Conjurer (level 4, 5/44 HPs)
             Began as an Ogre Conjurer on Nov 2, 2019.
             Quit the game on level 2 of the Dungeon.
             The game lasted 00:06:34 (3175 turns).

sking99 the Conjurer (Ogre Conjurer)                Turns: 3175, Time: 00:06:35

Health: 5/44       AC:  4    Str: 10    XL:     4   Next: 60%
Magic:  2/8        EV: 10    Int: 17    God:
Gold:   121        SH:  0    Dex:  9    Spells: 6/9 levels left

rFire    . . .     SeeInvis .   j - +0 short sword
rCold    . . .     Gourm    .   (no shield)
rNeg     . . .     Faith    .   a - +0 robe
rPois    .         Spirit   .   (helmet restricted)
rElec    .         Reflect  .   o - +0 cloak
rCorr    .         Harm     .   (gloves unavailable)
MR       .....                  (boots unavailable)
Stlth    +.........             (no amulet)
HPRegen  0.54/turn              (no ring)
MPRegen  0.11/turn              (no ring)

@: mildly poisoned (5 -> 5)
A: large, unfitting armour, regeneration 1, tough skin 1, weak 1, evolution 1
a: no special abilities


You were on level 2 of the Dungeon.
You were not hungry.

You visited 1 branch of the dungeon, and saw 3 of its levels.

You collected 121 gold pieces.

Inventory:

Hand Weapons
 j - a +0 short sword (weapon)
Armour
 a - a +0 robe (worn)
 o - a +0 cloak (worn)
Jewellery
 e - an uncursed ring of stealth
 m - an uncursed ring of stealth
Scrolls
 d - 4 scrolls of fog {unknown}
 f - a scroll of remove curse {unknown}
 g - 2 scrolls of enchant weapon {unknown}
 h - 3 scrolls of magic mapping {unknown}
 l - a scroll of identify {unknown}
 n - a scroll of amnesia {unknown}
 r - a scroll of enchant armour {unknown}
Potions
 b - a potion of haste {unknown}
 i - a potion of mutation
 k - a potion of lignification {unknown}
 p - a potion of might {unknown}
 s - a potion of flight {unknown}
Comestibles
 c - 3 rations
 q - 3 chunks of flesh


   Skills:
 + Level 2.4 Fighting
 - Level 1.7 Dodging
 - Level 1.4 Stealth
 + Level 3.3 Spellcasting
 * Level 4.5 Conjurations


You had 6 spell levels left.
You knew the following spells:

 Your Spells              Type           Power        Failure   Level  Hunger
a - Magic Dart            Conj           ###.         2%          1    None
b - Searing Ray           Conj           ###...       4%          2    ##.....

Your spell library contained the following spells:

 Spells                   Type           Power        Failure   Level  Hunger
 Dazzling Spray           Conj/Hex       ##....       21%         3    ###....
 Iskenderun's Mystic Bla  Conj           ###.....     26%         4    ####...
 Force Lance              Conj/Tloc      ##......     54%         4    ####...
 Fulminant Prism          Conj/Hex       ##........   54%         4    ####...


Dungeon Overview and Level Annotations

Branches:
Dungeon (3/15)

Altars:
Elyvilon
Gozag
Nemelex Xobeh
Ru
Uskayaw
Wu Jian
Xom
Zin

Annotations:
D:3 Robin


Innate Abilities, Weirdness & Mutations

You are too large for most types of armour.
You have tough skin. (AC +1)
Your natural rate of healing is unusually fast.
You are weak. (Str -2)
You evolve.


Message History

* * * LOW HITPOINT WARNING * * *
You feel sick.
* * * LOW HITPOINT WARNING * * *
You feel sick.
There is a stone staircase leading up here.
* * * LOW HITPOINT WARNING * * *
You feel sick. The goblin hits you with a +0 dagger.
* * * LOW HITPOINT WARNING * * *
You climb upwards.
* * * LOW HITPOINT WARNING * * *
You feel sick.
There is a stone staircase leading down here.
It was a potion of mutation.
You feel extremely strange.
You feel weaker.
You feel nature experimenting on you.
Don't worry, failures die fast.
You begin to heal more quickly.
You feel sick.
The goblin no longer looks unusually strong.
The goblin closely misses you.
Are you sure you want to abandon this character and quit the game? (Confirm with "yes".)

#.#.#..#.#.# ###########
#.#.#..#.#.#
.....##...########.#.#..#.#.#
.....##............#.####.#.#
#####..............#......#.# #
#..............########.# #
#..............'........#
#####...#......g...#######..#
....#...#.......@..#######..#
....#...#..........#........#
....#...############.######.###
....#...# ######+######...#
....#...# #..........####.#
....#...# #..........'....#
#####...# #..........######
##### #..........# #..........#


You could see a goblin.

Vanquished Creatures
  A gnoll (D:1)
  An adder (D:3)
  An ooze (D:1)
  A worm (D:2)
  3 dart slugs
  2 leopard geckos
  An orc (D:3)
  8 giant cockroaches
  12 goblins
  7 hobgoblins
  A quokka (D:3)
  4 bats
  2 frilled lizards
  3 kobolds (D:1)
  7 rats
54 creatures vanquished.

Notes
Turn   | Place    | Note
-------+----------+-------------------------------------------
     0 | D:1      | sking99 the Ogre Conjurer began the quest for the Orb.
     0 | D:1      | Reached XP level 1. HP: 16/16 MP: 3/3
   220 | D:1      | Reached skill level 1 in Fighting
   220 | D:1      | Reached XP level 2. HP: 27/27 MP: 0/5
   412 | D:1      | Reached skill level 4 in Conjurations
   484 | D:1      | Learned a level 2 spell: Searing Ray
   607 | D:1      | Reached XP level 3. HP: 33/33 MP: 0/7
  1380 | D:2      | Found a glowing silver altar of Zin.
  1380 | D:2      | Found a shimmering altar of Xom.
  1380 | D:2      | Found a sacrificial altar of Ru.
  1381 | D:2      | Found an ornate altar of the Wu Jian Council.
  1381 | D:2      | Found a hide-covered altar of Uskayaw.
  1382 | D:2      | Found an opulent altar of Gozag.
  1598 | D:2      | Found a sparkling altar of Nemelex Xobeh.
  1948 | D:2      | Reached XP level 4. HP: 42/42 MP: 6/8
  2041 | D:2      | Found a white marble altar of Elyvilon.
  3130 | D:3      | Noticed Robin
  3174 | D:2      | Gained mutation: You are weak. (Str -2) [potion of
                  | mutation]
  3174 | D:2      | Gained mutation: You evolve. [potion of mutation]
  3174 | D:2      | Gained mutation: Your natural rate of healing is unusually
                  | fast. [potion of mutation]
  3175 | D:2      | Quit the game

Levels and vault maps discovered:
D:1:      minmay_arrival_cross, layout_loops_ring
D:2:      layout_basic, elyvilon_altar_3, grunt_temple_overflow_open,
          first_ration, chequers_decorated_corner, nemelex_lonely_heart_becter
D:3:      layout_loops_ring, lemuel_coloured_pillars_altar, minivault_11,
          st_stairs_8, minmay_fountain_box, supply_closet_lemuel, uniq_jessica,
          uniq_robin

Skill      XL: |  1  2  3 |
---------------+----------+-----
Fighting       | 1 2 |  2.4
Conjurations   | 4 |  4.5
Spellcasting   | 3 |  3.3
Dodging        | |  1.7
Stealth        | |  1.4

Action                   |  1- 3 |  4- 6 || total
-------------------------+-------+-------++-------
Melee: Unarmed           |     3 |       ||     3
       Short sword       |       |     2 ||     2
 Cast: Magic Dart        |    81 |    52 ||   133
       Searing Ray       |     3 |       ||     3
  Use: Potion            |       |     1 ||     1
  Eat: Chunk             |     3 |     4 ||     7
Armor: Robe              |     3 |     1 ||     4
Dodge: Dodged            |    12 |     6 ||    18
